 Dungeon Crawl Stone Soup version 0.20.1-1-g8b1a95d (webtiles) character file.

142 Glalom the Conjurer (level 5, 0/28 HPs)
             Began as a Deep Elf Conjurer on Nov 3, 2017.
             Slain by a killer bee (6 damage)
             ... on level 4 of the Dungeon.
             The game lasted 00:10:54 (3638 turns).

Glalom the Conjurer (Deep Elf Conjurer)             Turns: 3638, Time: 00:10:54

Health: 0/28       AC:  4    Str:  6    XL:     5   Next: 4%
Magic:  11/13      EV: 14    Int: 20    God:
Gold:   139        SH:  0    Dex: 15    Spells: 9/12 levels left

rFire    . . .     SeeInvis .   k - +1 dagger (holy)
rCold    . . .     Gourm    .   (no shield)
rNeg     . . .     Faith    .   a - +0 robe
rPois    +         Spirit   .   (no helmet)
rElec    .         Reflect  .   (no cloak)
rCorr    .         Harm     .   (no gloves)
MR       .....                  e - +1 pair of boots
Stlth    ++........             (no amulet)
Regen    0.1/turn               s - ring of poison resistance
MPRegen  0.2/turn               (no ring)

@: no status effects
A: no striking features
a: no special abilities


You were on level 4 of the Dungeon.
You were not hungry.

You visited 1 branch of the dungeon, and saw 4 of its levels.

You collected 139 gold pieces.

Inventory:

Hand Weapons
 g - a +0 whip
 k - a +1 dagger of holy wrath (weapon)
Armour
 a - a +0 robe (worn)
 e - a +1 pair of boots (worn)
 f - a +3 scale mail
 l - a +0 shield
Jewellery
 s - a ring of poison resistance (left hand)
Scrolls
 h - a scroll of magic mapping {unknown}
 i - a scroll of teleportation {unknown}
 n - 3 scrolls of identify
 q - a scroll of immolation {unknown}
 r - a scroll of remove curse {unknown}
 t - a scroll of enchant armour {unknown}
 u - a scroll of amnesia {unknown}
 v - a scroll of recharging {unknown}
 w - a scroll of fear {unknown}
 x - a scroll of enchant weapon {unknown}
Potions
 d - 2 potions of curing {unknown}
 j - 2 potions of cancellation {unknown}
 m - a potion of brilliance {unknown}
 p - a potion of degeneration {unknown}
Books
 b - a book of Conjurations

   Spells                             Type                      Level
   a - Magic Dart                     Conjuration                  1
   b - Searing Ray                    Conjuration                  2
   c - Dazzling Spray                 Conjuration/Hexes            3
   d - Fulminant Prism                Conjuration/Hexes            4
   e - Force Lance                    Conjuration/Translocation    4
   f - Iskenderun's Mystic Blast      Conjuration                  4
Comestibles
 c - 3 bread rations
 o - 3 chunks of flesh


   Skills:
 + Level 4.2 Dodging
 - Level 2.4 Stealth
 - Level 4.0 Spellcasting
 + Level 5.7 Conjurations


You had 9 spell levels left.
You knew the following spells:

 Your Spells              Type           Power        Failure   Level  Hunger
a - Magic Dart            Conj           ####         1%          1    None
b - Searing Ray           Conj           ####..       1%          2    #......


Dungeon Overview and Level Annotations

Branches:
Dungeon (4/15)
 Temple: D:4-7

Altars:

Annotations:
D:4 Pikel, Robin


Message History

The killer bee stings you. The killer bee closely misses you.
Casting: Magic Dart
Confirm with . or Enter, or press ? or * to list all spells.
Aiming: Magic Dart
Press: ? - help, Shift-Dir - straight line, f - killer bee
Aim: a killer bee The magic dart hits the killer bee.
The killer bee is heavily wounded.
The killer bee barely misses you. The killer bee stings you.
* * * LOW HITPOINT WARNING * * *
Casting: Magic Dart
Confirm with . or Enter, or press ? or * to list all spells.
Aiming: Magic Dart
Press: ? - help, Shift-Dir - straight line, f/p - killer bee
Aim: a killer bee (heavily wounded)
The magic dart hits the killer bee.
The killer bee is severely wounded.
The killer bee barely misses you. The killer bee stings you.
You die...

### ....
####.y...
#...y...>
#.#
#####.#
###.@y..#
##<..#####
#####..###
#......#
#......#
#......#
#......#
....#####
#....


You could see a killer bee.

Vanquished Creatures
  A slave (D:4)
  2 adders
  4 gnolls (D:2)
  3 oozes
  2 leopard geckos (D:1)
  2 orcs (D:3)
  A ball python (D:3)
  2 giant cockroaches (D:2)
  10 goblins
  5 hobgoblins
  8 jackals
  8 kobolds
  A quokka (D:2)
  5 bats
  7 frilled lizards
  7 rats
68 creatures vanquished.

Notes
Turn   | Place    | Note
-------+----------+-------------------------------------------
     0 | D:1      | Glalom the Deep Elf Conjurer began the quest for the Orb.
     0 | D:1      | Reached XP level 1. HP: 10/10 MP: 6/6
     1 | D:1      | Noticed an electric eel
   171 | D:1      | Reached XP level 2. HP: 15/15 MP: 4/8
   782 | D:1      | Learned a level 2 spell: Searing Ray
   951 | D:1      | Reached XP level 3. HP: 19/19 MP: 7/10
  1294 | D:1      | Reached skill level 5 in Conjurations
  1934 | D:2      | Reached XP level 4. HP: 24/24 MP: 8/12
  3127 | D:3      | Reached XP level 5. HP: 28/28 MP: 10/13
  3371 | D:4      | Noticed a slave
  3374 | D:4      | Noticed a slave
  3375 | D:4      | Noticed Pikel
  3379 | D:4      | Noticed a slave
  3387 | D:4      | Killed a slave
  3390 | D:4      | Noticed a slave
  3412 | D:4      | Noticed Robin
  3638 | D:4      | Slain by a killer bee

Skill      XL: |  1  2  3  4 |
---------------+-------------+-----
Spellcasting   | 4 |  4.0
Conjurations   | 5 |  5.7
Dodging        | 3 4 |  4.2
Stealth        | |  2.4

Action                   |  1- 3 |  4- 6 || total
-------------------------+-------+-------++-------
Melee: Whip              |     1 |       ||     1
       Dagger            |       |     6 ||     6
 Cast: Magic Dart        |   101 |    68 ||   169
       Searing Ray       |       |     3 ||     3
  Use: Scroll            |       |     2 ||     2
  Eat: Chunk             |     3 |     5 ||     8
Armor: Robe              |     8 |     6 ||    14
Dodge: Dodged            |    23 |    24 ||    47
